 Dungeon Sprint DCSS version 0.27-a0-1158-gaa87e14f67 (webtiles) character file.

Game seed: 6729488471466424030

18113 rocky1 the Geomancer (level 12, 0/108 HPs)
             Began as a Black Draconian Earth Elementalist on May 16, 2021.
             Was a High Priest of Sif Muna.
             Slain by a death yak (8 damage)
             ... in the Dungeon (Sprint VII: "The Pits").
             The game lasted 00:23:47 (3261 turns).

rocky1 the Geomancer (DrEE)                         Turns: 3261, Time: 00:23:48

Health: 0/108      AC: 10    Str: 11    XL:     12   Next: 24%
Magic:  27/27      EV: 19    Int: 21    God:    Sif Muna [*****.]
Gold:   47         SH:  0    Dex: 17    Spells: 11/34 levels left

rFire    . . .     SeeInvis .   l - +1 quarterstaff (protect)
rCold    . . .     Faith    .   (shield currently unavailable)
rNeg     . . .     Spirit   .   (armour unavailable)
rPois    .         Reflect  .   (helmet restricted)
rElec    +         Harm     .   (no cloak)
rCorr    .         Rampage  .   q - +0 pair of gloves
Will     .....     NoTele   +   r - +0 pair of boots
Stlth    ++........             (no amulet)
HPRegen  0.28/turn              a - +3 ring of dexterity
MPRegen  0.20/turn              m - +3 ring of dexterity

@: short of breath
A: breathe lightning, AC +8, unfitting armour, electricity resistance,
cold-blooded
a: Breathe Lightning, Renounce Religion, Channel Magic, Forget Spell, Divine
Exegesis


You were in the Dungeon.
You worshipped Sif Muna.
Sif Muna was extremely pleased with you.
You visited 1 branch You collected 47 gold pieces.

Inventory:

Hand Weapons
 l - a +1 quarterstaff of protection (weapon)
 s - a +0 lajatang
 t - a +1 broad axe of freezing
Missiles
 b - 58 stones
Armour
 q - a +0 pair of gloves (worn)
 r - a +0 pair of boots (worn)
Jewellery
 a - a +3 ring of dexterity (left hand)
 m - a +3 ring of dexterity (right hand)
 v - a ring of see invisible
 B - an amulet of guardian spirit
Wands
 u - a wand of mindburst (16)
Scrolls
 h - a scroll of blinking
 j - 5 scrolls of amnesia
 k - a scroll of summoning
 w - 3 scrolls of identify
 y - 4 scrolls of enchant armour
 z - a scroll of fog
 A - 6 scrolls of enchant weapon
Potions
 c - 7 potions of curing
 d - 10 potions of heal wounds
 e - 4 potions of haste
 f - 4 potions of magic
 g - 5 potions of berserk rage
 i - 2 potions of invisibility
 n - 2 potions of might
 o - 3 potions of brilliance
 p - 2 potions of mutation
Miscellaneous
 x - a phial of floods


   Skills:
 - Level 10.7 Fighting
 + Level 11.8 Dodging
 - Level 1.7 Stealth
 + Level 11.9 Spellcasting
 + Level 8.4 Conjurations
 + Level 5.2 Transmutations
 + Level 8.3 Ice Magic
 + Level 10.1 Air Magic
 + Level 14.1 Earth Magic
 - Level 10.7 Invocations


You had 11 spell levels left.
You knew the following spells:

 Your Spells              Type           Power      Damage    Failure   Level
a - Sandblast             Erth           100%       2d20      0%          1
b - Stone Arrow           Conj/Erth      100%       3d13      1%          3
c - Lee's Rapid Deconstr  Erth           32%        3d17*     1%          5
d - Freezing Cloud        Conj/Ice/Air   25%        6-21      21%         6
e - Frozen Ramparts       Ice            94%        1d11      1%          3
f - Ozocubu's Armour      Ice            47%        N/A       1%          3
g - Blink                 Tloc           N/A        N/A       9%          2

Your spell library contained the following spells:

 Spells                   Type           Power      Damage    Failure   Level
 Freeze                   Ice            100%       1d11      1%          1
 Magic Dart               Conj           100%       1d8       1%          1
 Shock                    Conj/Air       100%       1d9       1%          1
 Ensorcelled Hibernation  Hex/Ice        60%        N/A       1%          2
 Passwall                 Tmut/Erth      43%        N/A       1%          2
 Static Discharge         Conj/Air       51%        N/A       1%          2
 Mephitic Cloud           Conj/Pois/Air  38%        N/A       1%          3
 Swiftness                Air            53%        N/A       1%          3
 Airstrike                Air            26%        N/A       1%          4
 Hailstorm                Conj/Ice       47%        3d11      1%          4
 Petrify                  Tmut/Erth      52%        N/A       1%          4
 Conjure Flame            Conj/Fire      30%        6-21      2%          3
 Leda's Liquefaction      Hex/Erth       21%        N/A       3%          4
 Lightning Bolt           Conj/Air       25%        1d41      3%          5
 Summon Small Mammal      Summ           48%        N/A       5%          1
 Bolt of Magma            Conj/Fire/Erth 22%        4d11      7%          5
 Ignite Poison            Fire/Tmut/Pois 19%        N/A       8%          3
 Iron Shot                Conj/Erth      28%        9d6       8%          6
 Call Imp                 Summ           12%        N/A       9%          2
 Slow                     Hex            12%        N/A       9%          2
 Sublimation of Blood     Necr           6%         N/A       9%          2
 Borgnjor's Vile Clutch   Necr/Erth      21%        N/A       9%          5
 Fulminant Prism          Conj/Hex       15%        3d11      10%         4
 Iskenderun's Mystic Bla  Conj/Tloc      30%        2d8       10%         4
 Summon Ice Beast         Ice/Summ       30%        N/A       10%         4
 Call Canine Familiar     Summ           12%        N/A       16%         3
 Statue Form              Tmut/Erth      34%        N/A       16%         6
 Silence                  Hex/Air        16%        N/A       19%         5
 Metabolic Englaciation   Hex/Ice        15%        N/A       26%         5
 Yara's Violent Unravell  Hex/Tmut       11%        3d6       45%         5
 Passage of Golubria      Tloc           N/A        N/A       47%         4
 Blade Hands              Tmut           17%        N/A       67%         6
 Agony                    Necr           12%        N/A       83%         5
 Summon Mana Viper        Hex/Summ       12%        N/A       83%         5
 Invisibility             Hex            12%        N/A       100%        6
 Shadow Creatures         Summ           N/A        N/A       100%        6
 Shatter                  Erth           32%        3d26*     100%        9
 Animate Armour           Summ/Erth      Unusable   N/A       N/A         4

Dungeon Overview and Level Annotations

Branches:
Dungeon (1/1)

Altars:
Ashenzari
Cheibriados
Dithmenos
Elyvilon
Fedhas
Gozag
Hepliaklqana
Kikubaaqudgha
Makhleb
Nemelex Xobeh
Okawaru
Qazlal
Ru
Sif Muna
Trog
Uskayaw
Vehumet
Wu Jian
Xom
Yredelemnul
Zin
The Shining One
Beogh
Jiyva
Lugonu


Innate Abilities, Weirdness & Mutations

You can breathe wild blasts of lightning.
Your glossy black scales are hard. (AC +8)
You cannot fit into any form of body armour.
You are resistant to electric shocks. (rElec)
You are cold-blooded and may be slowed by cold attacks.


Message History

Confirm with . or Enter, or press ? or * to list all spells.
Aiming: Lee's Rapid Deconstruction (mildly dangerous; 1% risk of failure)
Press: ? - help, Dir - move target, f/p - ghoul Fragment what (e.g. wall or brittle monster)?: a ghoul (moderately damaged)
A huge open gate to a Minivault (Hard).
That beam is likely to hit you.
Continue anyway?
Okay, then.
Okay, then.
You breathe a wild blast of lightning!
The orb of electricity explodes!
The orb of electricity engulfs the death yak!!
The death yak is severely wounded.
The orb of electricity engulfs you! You resist.
The orb of electricity engulfs the ghoul!!
The ghoul is heavily damaged.
The orb of electricity engulfs something!!!
Sif Muna accepts your kill.
You feel a bit more experienced. The ghoul completely misses you.
The ghoul misses you. The death yak gores you!
* * * LOW HITPOINT WARNING * * *
Unknown command.
Unknown command.
Unknown command.
You feel much better. The ghoul claws you! The ghoul misses you.
The death yak gores you!
* * * LOW HITPOINT WARNING * * *
Unknown command.
Casting: Lee's Rapid Deconstruction (mildly dangerous; 1% risk of failure)
Confirm with . or Enter, or press ? or * to list all spells.
Aiming: Lee's Rapid Deconstruction (mildly dangerous; 1% risk of failure)
Press: ? - help, Dir - move target, p - ghoul A huge open gate to a Minivault (Hard).
The stone door frame shatters!
The blast of rock fragments hits the ghoul!!
The ghoul is severely damaged.
The blast of rock fragments hits the death yak!
The death yak is severely wounded.
You feel less invigorated. The ghoul claws you!
* * * LOW HITPOINT WARNING * * *
The ghoul barely misses you. The death yak gores you!
You die...

+..........# #..........#
#..#....#..# +..........#
+..........# #..#....#..#
#..........+ #..@.......+
###nY####''#
###†'####''#########
#.†)...##...........
#.#'##.##...........
#.#).+.##..#########
#.'.=#.##..# #.#.)'.##..#
#++###########.+)[#.##..#


You could see a ghoul and a death yak.

Vanquished Creatures
  A boulder beetle (D)
  2 two-headed ogres (D)
  2 death yaks (D)
  2 deep elf knights (D)
  A shadow wraith (D)
  A swamp dragon (D)
  A sea snake (D)
  2 bog bodies (D)
  2 deep trolls (D)
  2 phantasmal warriors (D)
  3 orc knights (D)
  Maurice (D)
  An elephant (D)
  A rust devil (D)
  Joseph (D)
  A molten gargoyle (D)
  2 orange demons (D)
  A cane toad (D)
  A komodo dragon (D)
  An unseen horror (D)
  A rime drake (D)
  A freezing wraith (D)
  A hellwing (D)
  A red devil (D)
  A troll (D)
  A tyrant leech (D)
  A hornet (D)
  A snapping turtle (D)
  4 redbacks (D)
  A tarantella (D)
  2 vampires (D)
  An air elemental (D)
  2 wraiths (D)
  A fire bat (D)
  A spriggan (D)
  2 vampire mosquitoes (D)
  Menkaure (D)
  3 floating eyes (D)
  3 orc warriors (D)
  A wolf (D)
  6 killer bees (D)
  3 wights (D)
  2 crimson imps (D)
  2 quasits (D)
  2 orc priests (D)
  2 jellies (D)
  Ijyb (D)
  3 orc wizards (D)
  A white imp (D)
  An adder zombie (D)
  12 orcs (D)
  A bat zombie (D)
  An endoplasm (D)
  A giant cockroach (D)
  2 goblins (D)
  A hobgoblin (D)
  A quokka (D)
  2 ball pythons (D)
  2 rats (D)
105 creatures vanquished.

Notes
Turn   | Place    | Note
-------+----------+-------------------------------------------
     0 | D        | rocky1 the Draconian Earth Elementalist began the quest for
                  | the Orb.
     0 | D        | Reached XP level 1. HP: 14/14 MP: 3/3
    46 | D        | Found a bloodstained altar of Trog.
    46 | D        | Found a shimmering blue altar of Sif Muna.
    46 | D        | Found a viscous altar of Jiyva.
    46 | D        | Found a hazy altar of Hepliaklqana.
    46 | D        | Found an opulent altar of Gozag.
    47 | D        | Found a glowing golden altar of the Shining One.
    47 | D        | Found a glowing silver altar of Zin.
    47 | D        | Found a basalt altar of Yredelemnul.
    47 | D        | Found a shimmering altar of Xom.
    47 | D        | Found an ornate altar of the Wu Jian Council.
    47 | D        | Found a sacrificial altar of Ru.
    47 | D        | Found a stormy altar of Qazlal.
    47 | D        | Found an iron altar of Okawaru.
    47 | D        | Found a sparkling altar of Nemelex Xobeh.
    47 | D        | Found a burning altar of Makhleb.
    47 | D        | Found a blossoming altar of Fedhas.
    47 | D        | Found a white marble altar of Elyvilon.
    47 | D        | Found a shadowy altar of Dithmenos.
    47 | D        | Found a snail-covered altar of Cheibriados.
    49 | D        | Found a radiant altar of Vehumet.
    49 | D        | Found a corrupted altar of Lugonu.
    50 | D        | Found a hide-covered altar of Uskayaw.
    50 | D        | Found an ancient bone altar of Kikubaaqudgha.
    50 | D        | Found a broken altar of Ashenzari.
    58 | D        | Became a worshipper of Sif Muna the Loreminder
    79 | D        | Reached skill level 4 in Earth Magic
   201 | D        | Reached * piety under Sif Muna
   206 | D        | Reached skill level 5 in Earth Magic
   206 | D        | Reached XP level 2. HP: 19/20 MP: 5/5
   208 | D        | Noticed a floating eye
   209 | D        | Noticed a floating eye
   216 | D        | Paralysed by a floating eye for 2 turns
   219 | D        | Reached ** piety under Sif Muna
   221 | D        | Paralysed by a floating eye for 2 turns
   223 | D        | Killed a floating eye
   224 | D        | Reached skill level 9 in Earth Magic
   224 | D        | Reached XP level 3. HP: 19/26 MP: 6/6
   224 | D        | Reached XP level 4. HP: 25/33 MP: 7/7
   306 | D        | Paralysed by a floating eye for 4 turns
   311 | D        | Killed a floating eye
   312 | D        | Reached skill level 11 in Earth Magic
   312 | D        | Reached XP level 5. HP: 38/38 MP: 8/8
   369 | D        | Learned a level 3 spell: Stone Arrow
   371 | D        | Noticed a wolf
   371 | D        | Noticed a floating eye
   379 | D        | Reached *** piety under Sif Muna
   381 | D        | Reached skill level 1 in Fighting
   381 | D        | Reached skill level 1 in Invocations
   383 | D        | Reached XP level 6. HP: 48/48 MP: 1/10
   388 | D        | Reached **** piety under Sif Muna
   393 | D        | Paralysed by a floating eye for 2 turns
   395 | D        | Killed a floating eye
   396 | D        | Reached skill level 12 in Earth Magic
   545 | D        | Learned a level 5 spell: Lee's Rapid Deconstruction
   551 | D        | Noticed a two-headed ogre
   554 | D        | Killed a two-headed ogre
   555 | D        | Reached skill level 5 in Dodging
   555 | D        | Your scales start taking on a glossy black colour.
   555 | D        | Reduced skill Earth Magic to level 11
   555 | D        | Reached XP level 7. HP: 64/64 MP: 1/16
   555 | D        | Gained mutation: You are resistant to electric shocks.
                  | (rElec) [Black Draconian growth]
   555 | D        | Reached XP level 8. HP: 71/71 MP: 1/17
   663 | D        | Noticed Ijyb
   664 | D        | Reached ***** piety under Sif Muna
   665 | D        | Received a gift from Sif Muna
   673 | D        | Killed Ijyb
   765 | D        | Noticed an orange demon
   765 | D        | Noticed a tyrant leech
   770 | D        | Killed an orange demon
   783 | D        | Killed a tyrant leech
  1063 | D        | Noticed a cane toad
  1063 | D        | Noticed Maurice
  1068 | D        | Killed Maurice
  1069 | D        | Reached XP level 9. HP: 65/82 MP: 6/20
  1070 | D        | Killed a cane toad
  1313 | D        | Noticed an orange demon
  1313 | D        | Noticed a red devil
  1317 | D        | Killed an orange demon
  1318 | D        | Reached skill level 12 in Earth Magic
  1319 | D        | Identified Sif Muna's Reference Book on Summoning (Sif Muna
                  | gifted it to you in the Dungeon)
  1319 | D        | Received a gift from Sif Muna
  1319 | D        | Killed a red devil
  1319 | D        | Killed an unseen horror
  1376 | D        | Noticed a boulder beetle
  1380 | D        | Killed a phantasmal warrior
  1381 | D        | Reached skill level 10 in Fighting
  1381 | D        | Reached skill level 10 in Invocations
  1381 | D        | Reached XP level 10. HP: 93/93 MP: 9/22
  1381 | D        | Identified Sif Muna's Guide on Conjuration (Sif Muna gifted
                  | it to you in the Dungeon)
  1381 | D        | Received a gift from Sif Muna
  1387 | D        | Killed a boulder beetle
  1488 | D        | Learned a level 6 spell: Freezing Cloud
  1556 | D        | Reached skill level 1 in Conjurations
  1556 | D        | Reached skill level 1 in Air Magic
  1557 | D        | Reached skill level 1 in Ice Magic
  1703 | D        | Noticed a sea snake
  1707 | D        | Identified Odabypte's Collected Works on Mutagenic Stolen
                  | Souls (Sif Muna gifted it to you in the Dungeon)
  1707 | D        | Received a gift from Sif Muna
  1707 | D        | Killed a sea snake
  1709 | D        | Killed a shadow wraith
  1710 | D        | Reached skill level 10 in Spellcasting
  1714 | D        | Noticed a rust devil
  1717 | D        | Killed a rust devil
  1718 | D        | Reached skill level 10 in Dodging
  1718 | D        | Reached skill level 13 in Earth Magic
  1724 | D        | Reached skill level 5 in Air Magic
  1762 | D        | Noticed an orc knight
  1763 | D        | Reached XP level 11. HP: 86/101 MP: 15/25
  1767 | D        | Killed an orc knight
  1910 | D        | Noticed a phantasmal warrior
  1910 | D        | Noticed Joseph
  1910 | D        | Noticed a deep troll
  1910 | D        | Noticed a deep troll
  1912 | D        | Noticed Menkaure
  1915 | D        | Killed Menkaure
  1915 | D        | Received a gift from Sif Muna
  1931 | D        | Killed a phantasmal warrior
  1931 | D        | Killed a deep troll
  1931 | D        | Killed a deep troll
  1932 | D        | Reached skill level 5 in Conjurations
  1932 | D        | Reached skill level 5 in Ice Magic
  1935 | D        | Received a gift from Sif Muna
  1940 | D        | Killed Joseph
  2152 | D        | Received a gift from Sif Muna
  2158 | D        | Learned a level 3 spell: Frozen Ramparts
  2162 | D        | Learned a level 3 spell: Ozocubu's Armour
  2178 | D        | Learned a level 2 spell: Blink
  2430 | D        | Noticed an orc knight
  2438 | D        | Noticed an orc knight
  2442 | D        | Killed an orc knight
  2447 | D        | Killed an orc knight
  2871 | D        | Received a gift from Sif Muna
  2873 | D        | Noticed a two-headed ogre
  2879 | D        | Killed a two-headed ogre
  3021 | D        | Noticed a swamp dragon
  3028 | D        | Killed a swamp dragon
  3248 | D        | Noticed a death yak
  3248 | D        | Noticed a death yak
  3248 | D        | Noticed a death yak
  3248 | D        | Noticed a deep elf knight
  3248 | D        | Noticed a ghoul
  3248 | D        | Noticed a bog body
  3248 | D        | Noticed a bog body
  3248 | D        | Noticed a deep elf knight
  3251 | D        | Killed a death yak
  3252 | D        | Reached XP level 12. HP: 83/108 MP: 11/27
  3256 | D        | Identified Japhad's Almanac of Evil and Hexes (Sif Muna
                  | gifted it to you in the Dungeon)
  3256 | D        | Received a gift from Sif Muna
  3257 | D        | Reached skill level 14 in Earth Magic
  3258 | D        | Killed a death yak
  3259 | D        | Reached skill level 5 in Transmutations
  3259 | D        | Reached skill level 10 in Air Magic
  3261 | D        | Slain by a death yak

Illustrated notes

Levels and vault maps discovered:
D:        pitsprint [storerooms_1, entrance_room_1, metal_vault_1, armoury_1,
          mini_pit_1, grid_room_1, main_hall_1, silver_pit, the_coven_2,
          the_vestibule_1, steel_vault_2, golden_pit, hallway_of_sentries,
          crystal_vault_2, iron_vault_2, final_vault]

Skill      XL: |  1  2  3  4  5  6  7  8  9 10 11 12 |
---------------+-------------------------------------+-----
Earth Magic    | 5 9 11 11 12 13 14 | 14.1
Fighting       | 2 6 8 10 | 10.7
Dodging        | 2 5 7 8 10 11 | 11.8
Invocations    | 2 6 8 10 | 10.7
Spellcasting   | 6 7 8 10 11 | 11.9
Conjurations   | 4 7 8 |  8.4
Air Magic      | 5 9 10 | 10.1
Ice Magic      | 4 7 8 |  8.3
Transmutations | 4 5 |  5.2
Stealth        | |  1.7

Action                   |  1- 3 |  4- 6 |  7- 9 | 10-12 || total
-------------------------+-------+-------+-------+-------++-------
Melee: Quarterstaff      |    15 |    10 |    10 |     8 ||    43
       Unarmed           |     3 |       |       |       ||     3
       Tailslap          |     3 |       |     1 |     2 ||     6
 Cast: Sandblast         |     1 |    10 |       |    13 ||    24
       Stone Arrow       |       |     1 |       |     9 ||    10
       Lee's Rapid Decon |       |     2 |    22 |    78 ||   102
       Freezing Cloud    |       |       |       |     4 ||     4
Invok: Channel Magic     |       |       |     5 |    10 ||    15
       Divine Exegesis   |       |       |       |     4 ||     4
 Abil: Breathe Lightning |       |       |     2 |     4 ||     6
  Use: Potion            |       |       |     1 |     2 ||     3
Armor: Skin              |     5 |     2 |     6 |    12 ||    25
Dodge: Dodged            |     9 |     4 |    11 |    53 ||    77

Table legend: (Time is in decaauts)
 A = Elapsed time spent in this place.
 B = Non-inter-level travel time spent in this place.
 C = Inter-level travel time spent in this place.
 D = Time resting spent in this place.
 E = Time spent auto-exploring this place.
 F = Levels seen in this place.
 G = Mean time per level.
                   A        B        C        D        E       F      G
               +--------+--------+--------+--------+--------+-----+--------+
         Total |   3275 |   3211 |     64 |   2173 |      0 |   1 | 3275.0 |
       Dungeon |   3275 |   3211 |     64 |   2173 |      0 |   1 | 3275.0 |
               +--------+--------+--------+--------+--------+-----+--------+

Top non-repeatable levels by time:
       D: 3275 daAuts
